 Dungeon Crawl Stone Soup version 0.23.1 (webtiles) character file.

Game seed: 18163165192227343228

103 Borgoz the Sneak (level 4, -6/34 HPs)
             Began as a Ghoul Enchanter on Mar 5, 2019.
             Mangled by Sigmund
             ... wielding a cursed -1 scythe
              (9 damage)
             ... on level 3 of the Dungeon.
             The game lasted 00:05:33 (3589 turns).

Borgoz the Sneak (Ghoul Enchanter)                  Turns: 3589, Time: 00:05:34

Health: -6/34      AC:  2    Str: 16    XL:     4   Next: 79%
Magic:  14/15      EV: 18    Int: 11    God:
Gold:   197        SH:  0    Dex: 14    Spells: 1/7 levels left

rFire    . . .     SeeInvis .   o - +0 short sword
rCold    + . .     Gourm    .   (no shield)
rNeg     + + +     Faith    .   b - +0 robe
rPois    ∞         Spirit   .   (no helmet)
rElec    .         Reflect  .   (no cloak)
rCorr    .         Harm     .   (no gloves)
MR       .....                  (no boots)
Stlth    ++++......             (no amulet)
HPRegen  0.00/turn              i - ring of magical power
MPRegen  0.14/turn              n - ring of stealth

@: mighty, agile, rotting
A: rotting body, claws 1, carnivore, cold resistance 1, negative energy
resistance 3, inhibited regeneration, torment resistance, unbreathing
a: no special abilities


You were on level 3 of the Dungeon.
You were not hungry.

You visited 1 branch of the dungeon, and saw 3 of its levels.

You collected 197 gold pieces.

Inventory:

Hand Weapons
 o - a +0 short sword (weapon)
Armour
 b - a +0 robe (worn)
Jewellery
 i - a ring of magical power (left claw)
 n - a ring of stealth (right claw)
Wands
 a - a wand of disintegration (6)
Scrolls
 e - a scroll of magic mapping {unknown}
 h - 2 scrolls of identify {unknown}
 j - a scroll of teleportation {unknown}
 k - a scroll of amnesia {unknown}
 l - a scroll of remove curse {unknown}
Potions
 m - a potion of degeneration {unknown}
 q - a potion of brilliance {unknown}
Comestibles
 d - 5 rations


   Skills:
 + Level 0.9 Fighting
 * Level 2.1 Short Blades
 + Level 0.8 Armour
 * Level 2.7 Dodging
 + Level 3.7 Stealth
 - Level 2.0 Spellcasting
 + Level 2.7 Hexes


You had one spell level left.
You knew the following spells:

 Your Spells              Type           Power        Failure   Level  Hunger
a - Corona                Hex            #......      10%         1    ##.....
b - Ensorcelled Hibernat  Hex/Ice        #.....       26%         2    ###....
c - Confuse               Hex            #.......     28%         3    ####...

Your spell library contained the following spells:

 Spells                   Type           Power        Failure   Level  Hunger
 Tukima's Dance           Hex            #.......     28%         3    ####...
 Dazzling Spray           Conj/Hex       #.....       45%         3    ####...


Dungeon Overview and Level Annotations

Branches:
Dungeon (3/15)

Altars:
Uskayaw

Annotations:
D:3 Sigmund


Innate Abilities, Weirdness & Mutations

Your body is rotting away.
You thrive on raw meat.
You are immune to poison.
You have sharp fingernails.
You are carnivorous and can eat meat at any time.
Your flesh is cold resistant. (rC+)
You are immune to negative energy. (rN+++)
You do not regenerate when monsters are visible.
You are immune to unholy pain and torment.
You can survive without breathing.


Message History

Unknown command.
It was a potion of curing.
You feel better. Something hits you!
It was a potion of might.
You feel very mighty all of a sudden.
You miss something. Something hits you!
* * * LOW HITPOINT WARNING * * *
You miss something. Something barely misses you.
Okay, then.
You feel better.
You miss something. Something hits you.
You barely miss something. Something hits you!
* * * LOW HITPOINT WARNING * * *
You feel better.
You hit something. Something hits you!
* * * LOW HITPOINT WARNING * * *
Okay, then.
It was a potion of agility.
You feel agile all of a sudden. Something hits you!
You die...

..#..#...###.#
#.##...###...##
...#.###...#..#
.#####...####.##
## ..# #..# .
##.## #..# ####.
##.##......
#..@{......
#...###......
#...## '####
...## # .#


There were no monsters in sight!

Vanquished Creatures
  3 gnolls
  2 adders (D:2)
  2 worms (D:3)
  2 leopard geckos (D:1)
  An orc (D:3)
  2 giant cockroaches (D:1)
  4 hobgoblins
  5 jackals (D:1)
  5 kobolds
  2 quokkas
  5 bats
  A frilled lizard (D:3)
  7 goblins
  8 rats
49 creatures vanquished.

Notes
Turn   | Place    | Note
-------+----------+-------------------------------------------
     0 | D:1      | Borgoz the Ghoul Enchanter began the quest for the Orb.
     0 | D:1      | Reached XP level 1. HP: 14/14 MP: 2/2
    68 | D:1      | Reached skill level 1 in Short Blades
   215 | D:1      | Reached XP level 2. HP: 12/20 MP: 0/3
   268 | D:1      | Learned a level 2 spell: Ensorcelled Hibernation
   914 | D:1      | Reached XP level 3. HP: 26/26 MP: 5/5
  1418 | D:2      | Noticed a +0 hand axe
  1420 | D:2      | Noticed a +0 hand axe
  1421 | D:2      | Found a hide-covered altar of Uskayaw.
  1836 | D:1      | Reached XP level 4. HP: 8/34 MP: 6/6
  1884 | D:1      | Learned a level 3 spell: Confuse
  3577 | D:3      | Noticed Sigmund
  3589 | D:3      | Mangled by Sigmund

Skill      XL: |  1  2  3  4 |
---------------+-------------+-----
Short Blades   | 1 2 |  2.1
Dodging        | 2 |  2.7
Spellcasting   | 2 |  2.0
Fighting       | |  0.9
Armour         | |  0.8
Stealth        | |  3.7
Hexes          | |  2.7

Action                   |  1- 3 |  4- 6 || total
-------------------------+-------+-------++-------
Melee: Dagger            |   133 |     3 ||   136
       Short sword       |       |    79 ||    79
 Cast: Corona            |     4 |     2 ||     6
       Ensorcelled Hiber |     6 |    18 ||    24
       Confuse           |       |     5 ||     5
  Use: Potion            |     1 |     5 ||     6
 Stab: Sleeping          |     7 |    11 ||    18
  Eat: Chunk             |     7 |    11 ||    18
Armor: Robe              |    29 |     4 ||    33
Dodge: Dodged            |   100 |    44 ||   144
